 Dungeon Crawl Stone Soup version 0.30-a0-136-gea98e250e0 (webtiles) character file.

Game seed: 18055652787107381135

7438 Kinoniko the Swashbuckler (level 11, 0/68 HPs)
             Began as a Kobold Berserker on Sept 21, 2022.
             Was a High Priest of Trog.
             Slain by an orc warrior
             ... wielding a +0 trident
              (7 damage)
             ... in a bailey.
             The game lasted 00:14:16 (11446 turns).

Kinoniko the Swashbuckler (Kobold Berserker)       Turns: 11446, Time: 00:14:17

Health: 0/68       AC: 11    Str: 14    XL:     11   Next: 37%
Magic:  11/11      EV: 26    Int: 12    God:    Trog [*****.]
Gold:   465        SH:  0    Dex: 21    Spells: 10/10 levels left

rFire   . . .      SeeInvis +    n - +2 short sword (elec)
rCold   . . .      Faith    .    (no shield)
rNeg    . . .      Spirit   .    s - +3 leather armour {rPois}
rPois   +          Reflect  .    A - +3 crown of Dyrovepreva {rElec Int+2 SInv}
rElec   +          Harm     .    (no cloak)
rCorr   .          Rampage  .    B - +0 pair of gloves {Dex+3}
Will    .....                    y - +0 pair of boots
Stlth   +++++.....               (no amulet)
HPRegen 0.21/turn                j - +4 ring of evasion
MPRegen 0.12/turn                (no ring)

@: mighty, on berserk cooldown, slowed, very slow
A: small, no large weapons, nightstalker 3
a: Renounce Religion, Berserk, Trog's Hand, Brothers in Arms


You were in a bailey.
You worshipped Trog.
Trog was extremely pleased with you.
You visited 1 branch of the dungeon, and saw 8 of its levels.
You also visited: Sewer and Bailey.

You collected 1345 gold pieces.
You spent 880 gold pieces at shops.

Inventory:

Hand Weapons
 a - a +0 short sword
 i - a +2 dagger of venom
 n - a +2 short sword of electrocution (weapon)
 F - a +0 rapier
Missiles
 t - a throwing net (quivered)
Armour
 b - a +0 animal skin
 g - a +0 chain mail
 q - a +0 helmet
 s - a +3 leather armour of poison resistance (worn)
 y - a +0 pair of boots (worn)
 A - the +3 crown of Dyrovepreva (worn) {rElec Int+2 SInv}
   (You bought it in a shop on level 5 of the Dungeon)

   Int:       It affects your intelligence (+2).
   rElec:     It insulates you from electricity.
   SInv:      It lets you see invisible.
 B - a +0 pair of gloves of dexterity (worn)
Jewellery
 j - a +4 ring of evasion (left hand)
 G - a ring of magical power
Wands
 v - a wand of flame (23)
 x - a wand of polymorph (5)
 H - a wand of charming (9)
Scrolls
 h - 2 scrolls of butterflies
 k - 2 scrolls of enchant armour
 l - a scroll of teleportation
 p - a scroll of amnesia
 z - 2 scrolls of enchant weapon
 C - a scroll of fear
 I - 2 scrolls of identify
 J - a scroll of immolation {unknown}
Potions
 d - 2 potions of might
 e - 2 potions of haste {unknown}
 f - 4 potions of mutation
 m - 4 potions of brilliance
 o - 3 potions of curing
 u - a potion of lignification {unknown}
 w - a potion of magic {unknown}
 E - a potion of resistance {unknown}


   Skills:
 + Level 8.0 Fighting
 * Level 15.7 Short Blades
 - Level 1.5 Armour
 + Level 10.4 Dodging
 + Level 7.2 Stealth


You had 10 spell levels left.
You didn't know any spells.
Your spell library was empty.

Dungeon Overview and Level Annotations

Branches:
Dungeon (8/15)             Temple (0/1) D:6           Sewer (visited)
 Bailey (1/1)
   Lair: D:8-11

Altars:
Kikubaaqudgha
Makhleb
Sif Muna
Trog
The Shining One

Shops:
D:5 [


Innate Abilities, Weirdness & Mutations

You are small and have problems with some larger weapons.
You are completely attuned to the shadows.


Message History

a +0 halberd; a +0 ring mail The orc warrior hits you from afar with a +0 trident!
You are too injured to fight recklessly!
You are too injured to fight recklessly!
The orc warrior barely misses you.
You closely miss the orc warrior. The orc warrior barely misses you.
You hit the orc warrior. You punch the orc warrior.
The orc warrior is moderately wounded.
The orc warrior barely misses you.
You hit the orc warrior.
The orc warrior is heavily wounded.
You hit the orc warrior.
The orc warrior is heavily wounded.
The orc warrior barely misses you.
You hit the orc warrior.
The orc warrior is heavily wounded.
The orc warrior hits you with a +0 trident!
You hit the orc warrior but do no damage.
The orc warrior is heavily wounded.
The orc warrior hits you with a +0 trident.
* * * LOW HITPOINT WARNING * * *
You closely miss the orc warrior.
The orc warrior is heavily wounded.
The orc warrior hits you with a +0 trident!
* * * LOW HITPOINT WARNING * * *
You feel better.
The orc warrior hits you with a +0 trident!
* * * LOW HITPOINT WARNING * * *
You feel better. The orc warrior closely misses you. x2
You feel very mighty all of a sudden.
The orc warrior hits you with a +0 trident.
* * * LOW HITPOINT WARNING * * *
You closely miss the orc warrior.
The orc warrior is heavily wounded.
The orc warrior hits you with a +0 trident!
* * * LOW HITPOINT WARNING * * *
You puncture the orc warrior!
The orc warrior is almost dead.
The orc warrior hits you with a +0 trident!
You die...

############### #
##≈≈≈≈≈≈≈≈≈≈≈≈≈≈≈ ##
##≈≈≈≈≈≈≈≈≈≈≈≈≈≈≈≈ ##.
#≈≈≈≈≈≈≈≈..))...≈≈ ##..
#≈≈≈≈≈≈≈.)≈≈≈≈≈≈≈.. #...
#≈≈≈≈≈..≈≈≈.).).≈≈≈ #...
#≈≈≈≈.≈≈≈.........≈ #...
#≈≈≈≈.≈......@o.... #...
#≈≈≈.≈≈.⌠.........⌠ #...
#≈≈≈.≈...............≈.≈ #..⌠
#≈≈.≈≈....≈≈≈≈≈≈≈....≈≈ #..#
#≈≈.≈...≈≈≈~~~~~≈≈≈...#####..#
#≈≈.≈..≈≈~~≈ ≈≈~≈≈≈......'..#
#≈≈....~~≈≈≈ ?)~~≈≈≈......').#
#≈≈.≈..≈≈~~≈≈≈≈≈~≈≈≈......'..#
#≈≈)≈...≈≈≈~~~~~≈≈≈...#####..#


You could see an orc warrior.

Vanquished Creatures
  Pikel (D:5)
  Grinder (Sewer)
  10 yaks (D:8)
  Menkaure (D:5)
  Edmund (D:6)
  A water moccasin (D:8)
  2 sky beasts
  12 orc warriors
  A black bear (D:5)
  2 ice beasts
  An ogre (D:4)
  11 centaurs
  4 phantoms
  2 kobold brigands
  5 bullfrogs
  A scorpion (D:5)
  A gnoll sergeant (D:8)
  A wight (Sewer)
  3 killer bees (D:7)
  4 electric eels (D:6)
  2 howler monkeys (D:7)
  2 hounds
  3 orc priests
  2 jellies
  2 gnoll boudas (D:5)
  Jessica (D:3)
  4 iguanas
  Ijyb (D:5)
  5 orc wizards
  8 adders
  25 gnolls
  A river rat (D:3)
  8 shadow imps (Sewer)
  3 ufetubi (Sewer)
  A worm (D:3)
  5 dart slugs
  40 orcs
  9 endoplasms
  6 giant cockroaches
  25 hobgoblins
  A jackal (D:1)
  4 quokkas
  6 ball pythons
  3 bats
  4 frilled lizards (D:1)
  38 goblins
  33 kobolds
  A kobold zombie (Sewer)
  12 rats
320 creatures vanquished.

Vanquished Creatures (others)
  A wizard (D:3)
  A kobold (Sewer)
2 creatures vanquished.

Grand Total: 322 creatures vanquished

Notes
Turn   | Place    | Note
-------+----------+-------------------------------------------
     0 | D:1      | Kinoniko the Kobold Berserker began the quest for the Orb.
     0 | D:1      | Reached XP level 1. HP: 14/14 MP: 1/1
   237 | D:1      | Reached XP level 2. HP: 19/19 MP: 2/2
   503 | D:1      | Found a faded altar of an unknown god.
   693 | D:1      | Reached XP level 3. HP: 10/23 MP: 3/3
   694 | D:1      | Reached skill level 5 in Short Blades
  1588 | D:2      | Reached XP level 4. HP: 17/28 MP: 4/4
  2048 | D:2      | Reached skill level 6 in Short Blades
  2184 | D:2      | Reached ** piety under Trog
  2578 | D:3      | Identified a scroll of acquirement
  2579 | D:3      | Acquired 738 gold pieces
  2587 | D:3      | Reached XP level 5. HP: 32/32 MP: 5/5
  2661 | D:3      | Found a glowing drain.
  2692 | Sewer    | Entered a sewer
  3350 | Sewer    | Reached skill level 7 in Short Blades
  3350 | Sewer    | Reached XP level 6. HP: 26/37 MP: 6/6
  3525 | Sewer    | Found an ancient bone altar of Kikubaaqudgha.
  3536 | Sewer    | Noticed Grinder
  3631 | Sewer    | Killed Grinder
  3632 | Sewer    | Reached skill level 8 in Short Blades
  3632 | Sewer    | Reached skill level 5 in Dodging
  3632 | Sewer    | Reached XP level 7. HP: 41/41 MP: 7/7
  3677 | Sewer    | Reached skill level 9 in Short Blades
  4548 | D:3      | Noticed Jessica
  4552 | D:3      | Killed Jessica
  4614 | D:3      | Found a shimmering blue altar of Sif Muna.
  4942 | D:3      | Found a bloodstained altar of Trog.
  4945 | D:3      | Noticed a wizard
  4958 | D:3      | Killed a wizard
  4990 | D:4      | Reached XP level 8. HP: 46/46 MP: 8/8
  5217 | D:4      | Reached *** piety under Trog
  5241 | D:4      | Reached skill level 10 in Short Blades
  5811 | D:4      | Found a burning altar of Makhleb.
  5811 | D:4      | Found an ancient bone altar of Kikubaaqudgha.
  6074 | D:5      | Entered Level 5 of the Dungeon
  6182 | D:5      | Reached skill level 11 in Short Blades
  6377 | D:5      | Noticed Pikel
  6382 | D:5      | Reached XP level 9. HP: 33/52 MP: 9/9
  6384 | D:5      | Killed Pikel
  6385 | D:5      | Reached skill level 5 in Fighting
  6385 | D:5      | Reached skill level 12 in Short Blades
  6389 | D:5      | Noticed Ijyb
  6393 | D:5      | Killed Ijyb
  6649 | D:5      | Found Cesas's Antique Armour Shop.
  6654 | D:5      | Bought the +3 crown of Dyrovepreva {rElec Int+2 SInv} for
                  | 745 gold pieces
  6654 | D:5      | Found the +3 crown of Dyrovepreva {rElec Int+2 SInv}
  6654 | D:5      | Bought a pair of glowing gloves for 135 gold pieces
  6775 | D:5      | Reached **** piety under Trog
  6915 | D:5      | Noticed Menkaure
  6922 | D:5      | Killed Menkaure
  7515 | D:5      | Found a glowing golden altar of the Shining One.
  7993 | D:6      | Noticed Edmund
  8003 | D:6      | Killed Edmund
  8115 | D:6      | Found a staircase to the Ecumenical Temple.
  8377 | D:6      | Reached skill level 13 in Short Blades
  8377 | D:6      | Reached skill level 1 in Stealth
  9064 | D:6      | Reached XP level 10. HP: 60/60 MP: 10/10
  9204 | D:6      | Reached ***** piety under Trog
 10276 | D:7      | Reached skill level 14 in Short Blades
 10499 | D:8      | Reached skill level 5 in Stealth
 10781 | D:8      | Reached XP level 11. HP: 67/67 MP: 11/11
 10802 | D:8      | Found a flagged portal.
 10824 | Bailey   | Entered a bailey
 10869 | Bailey   | Reached skill level 15 in Short Blades
 10931 | Bailey   | Reached skill level 10 in Dodging
 11446 | Bailey   | Slain by an orc warrior

Illustrated notes

Levels and vault maps discovered:
D:1:      amcnicky_arrival_feature_with_door, layout_basic,
          ebering_ecumenical_altar_abandoned, glass_columns_a,
          palyth_stone_intersect, minmay_misc_feat_tower, minmay_quantized
D:2:      layout_rooms, minmay_misc_feat_enclosed, due_unseen_surprise
D:3:      layout_loops_ring, trog_wizard, lemuel_blue_sif_altar,
          portal_sewer_entry_a, uniq_jessica
D:4:      layout_loops_ring, gammafunk_temple_overflow_statue, minmay_puff
D:5:      layout_loops_ring, tso_altar, serial_shops,
          nicolae_shop_hallway_stairs, water_boxes_lemuel, uniq_pikel,
          uniq_ijyb, uniq_menkaure
D:6:      minmay_goblin_kobold_castle, layout_cave_pods,
          minmay_temple_entry_statues_pillars, uniq_edmund
D:7:      layout_loops_ring, lightli_minifort
D:8:      layout_basic, enter_bailey_5, uniq_grum
Bailey:   bailey_polearm_flooded_kennysheep, bailey

Skill      XL: |  1  2  3  4  5  6  7  8  9 10 11 |
---------------+----------------------------------+-----
Dodging        | 3 4 5 6 7 8 9 10 | 10.4
Short Blades   | 5 6 7 8 9 11 13 14 15 | 15.7
Fighting       | 4 5 7 8 |  8.0
Stealth        | 2 5 7 |  7.2
Armour         | |  1.5

Action                   |  1- 3 |  4- 6 |  7- 9 | 10-12 || total
-------------------------+-------+-------+-------+-------++-------
Melee: Short sword       |    89 |    21 |   400 |   414 ||   924
       Dagger            |     6 |   197 |       |       ||   203
       Punch             |       |     4 |     7 |     8 ||    19
Invok: Berserk           |     2 |     5 |     2 |     5 ||    14
       Trog's Hand       |       |     2 |     1 |     1 ||     4
  Use: Scroll            |       |     9 |     7 |     3 ||    19
       Potion            |       |     3 |     3 |     6 ||    12
 Stab: Sleeping          |     8 |       |     8 |    17 ||    33
Armor: Animal skin       |     6 |       |       |       ||     6
       Chain mail        |    26 |    58 |    70 |       ||   154
       Leather armour    |       |       |     8 |    65 ||    73
Dodge: Dodged            |    37 |   123 |   230 |   475 ||   865

Table legend: (Time is in decaauts)
 A = Elapsed time spent in this place.
 B = Non-inter-level travel time spent in this place.
 C = Inter-level travel time spent in this place.
 D = Time resting spent in this place.
 E = Time spent auto-exploring this place.
 F = Levels seen in this place.
 G = Mean time per level.
                   A        B        C        D        E       F      G
               +--------+--------+--------+--------+--------+-----+--------+
         Total |  11113 |  10450 |    663 |   1525 |   7187 |  10 | 1111.3 |
       Dungeon |   9024 |   8361 |    663 |    647 |   6681 |   8 | 1128.0 |
         Sewer |   1539 |   1539 |      0 |    711 |    506 |   1 | 1539.0 |
        Bailey |    549 |    549 |      0 |    167 |      0 |   1 |  549.0 |
               +--------+--------+--------+--------+--------+-----+--------+

Top non-repeatable levels by time:
     D:5: 1848 daAuts
   Sewer: 1539 daAuts
     D:6: 1495 daAuts
     D:1: 1484 daAuts
     D:2: 1063 daAuts
     D:4: 1053 daAuts
     D:3: 854 daAuts
     D:7: 767 daAuts
  Bailey: 549 daAuts
     D:8: 457 daAuts
